 Dungeon Crawl Stone Soup version 0.31-a0-705-ga145531891 (webtiles) character file.

Game seed: 15357112318023023110

2100 Ofeo the Fighter (level 9, -1/75 HPs)
             Began as a Demonspawn Shapeshifter on Sept 10, 2023.
             Slain by a boulder beetle (14 damage)
             ... on level 6 of the Dungeon.
             The game lasted 00:05:52 (6102 turns).

Ofeo the Fighter (Demonspawn Shapeshifter)          Turns: 6102, Time: 00:05:53

Health: -1/75      AC:  9    Str: 19    XL:     9   Next: 7%
Magic:  9/9        EV:  8    Int: 11    God:
Gold:   161        SH:  0    Dex: 13    Spells: 8/8 levels left

rFire   . . .        k - +10 hand axe of the Big Bang {speed, rElec Stlth+}
rCold   . . .        (no shield)
rNeg    . . .        g - +1 chain mail
rPois   .            (helmet currently unavailable)
rElec   +            (cloak currently unavailable)
rCorr   .            (gloves currently unavailable)
SInv    .            (boots currently unavailable)
Will    .....        (no amulet) Stlth
                     (no ring)
HPRegen 0.32/turn    (no ring)
MPRegen 0.11/turn

%: no passive effects
@: beast-form
A: beast (slay +4), spiny 3, demonic touch 1
a: Begin Untransformation


You were on level 6 of the Dungeon.
You were a hulking beast.
You visited 1 branch of the dungeon, and saw 6 of its levels.

You collected 353 gold pieces.
You spent 192 gold pieces at shops.

Inventory:

Hand Weapons
 k - the +10 hand axe of the Big Bang (weapon) {speed, rElec Stlth+}
   (You found it on level 2 of the Dungeon)

   rElec:     It insulates you from electricity.
   Stlth+:    It makes you more stealthy.
Armour
 a - a +0 animal skin
 g - a +1 chain mail (worn)
 j - a +0 pair of boots
 r - a +0 helmet
 s - a +0 cloak
Jewellery
 e - a ring of ice
 z - a +6 ring of dexterity
Talismans
 c - a beast talisman (active)
 d - a flux talisman
 p - a blade talisman
Wands
 q - a wand of digging (5) {@v1}
 y - a wand of acid (9) {@v2}
Scrolls
 b - a scroll of blinking {@r4}
 h - a scroll of revelation
 i - a scroll of immolation {unknown}
 n - a scroll of noise
 v - a scroll of summoning
 x - a scroll of teleportation {@r3}
Potions
 f - a potion of mutation {unknown}
 l - a potion of lignification
 m - 4 potions of might {@q4}
 o - a potion of brilliance
 t - a potion of berserk rage {unknown}
 u - a potion of attraction {unknown}
 w - 2 potions of resistance {unknown}


   Skills:
 + Level 8.9 Fighting
 - Level 2.2 Dodging
 - Level 3.0 Unarmed Combat
 - Level 7.0 Shapeshifting


You had 8 spell levels left.
You didn't know any spells.
Your spell library was empty.

Dungeon Overview and Level Annotations

Branches:
Dungeon (6/15)             Temple (0/1) D:6

Altars:
Kikubaaqudgha
Nemelex Xobeh
Yredelemnul

Shops:
D:4 *

Annotations:
D:6 Grinder


Innate Abilities, Weirdness & Mutations

You are a hulking beast.
Your limbs bulge with bestial killing power. (Slay +4)
You are completely covered in sharp spines.
Your touch may inflict minor irresistible damage on your foes.


Message History

A bullfrog is nearby!
A bullfrog is nearby!
The bullfrog croaks.
The bullfrog is struck by your spines.
The bullfrog hits you but does no damage.
Health restored: 75 You slash the bullfrog!
The bullfrog is severely wounded.
The bullfrog is struck by your spines. The bullfrog barely misses you.
You slash the bullfrog!
You kill the bullfrog!
The boulder beetle curls into a ball and begins rolling!
The gnoll shouts!
You see here a bullfrog corpse.
You slash the gnoll!
The gnoll is almost dead.
The gnoll is struck by your spines.
You kill the gnoll!
The boulder beetle hits you!!
The boulder beetle stops rolling and uncurls.
You take 30 damage, and have 45/75 hp.
MASSIVE DAMAGE!!
You are too injured to fight recklessly!
You hit the boulder beetle but do no damage.
You touch the boulder beetle!
The boulder beetle is lightly wounded.
The boulder beetle bites you but does no damage.
You slash the boulder beetle!
The boulder beetle is lightly wounded.
You slash the boulder beetle!
You touch the boulder beetle!
The boulder beetle is moderately wounded.
The gnoll hits you from afar with a +0 halberd.
The boulder beetle bites you!!
* * * LOW HITPOINT WARNING * * *
You take 29 damage, and have 17/75 hp.
MASSIVE DAMAGE!!
You hit the boulder beetle.
You touch the boulder beetle!
The boulder beetle is heavily wounded.
The gnoll hits you from afar with a +0 halberd.
* * * LOW HITPOINT WARNING * * *
The boulder beetle bites you!
You die...

.. #..............> ##
#.l.............
#..........?##!.
=...........##.
)........ .......
........# >......
........# ##.....#
#.....B.#########......#
.....g.h....$...........
.#.....)†...### #.......
.##.........### #.......
..............####.....#
#.#.........#.†....>....
# #######...)<....).....
#######.........
#......... ##########


You could see a boulder beetle and a gnoll.

Vanquished Creatures
  Pikel (D:6)
  A water moccasin (D:5)
  A sky beast (D:6)
  An ice beast (D:5)
  A black bear (D:5)
  3 lemures
  A gnoll sergeant (D:4)
  A bullfrog (D:6)
  2 scorpions
  3 jellies
  4 hounds
  3 orc priests
  2 gnoll boudas (D:5)
  A sleepcap (D:2)
  Jessica (D:3)
  4 orc wizards
  An iguana (D:6)
  A hound skeleton (D:2)
  Robin (D:3)
  28 gnolls
  4 adders
  A shadow imp (D:5)
  An adder zombie (D:2)
  3 worms
  3 dart slugs
  10 orcs
  7 ball pythons
  5 bats
  A bat skeleton (D:2)
  A bat zombie (D:2)
  6 endoplasms
  2 giant cockroaches
  21 goblins
  11 hobgoblins
  4 jackals (D:3)
  9 kobolds
  6 quokkas
  2 ball python skeletons (D:2)
  A ball python zombie (D:2)
  5 frilled lizards
  A giant cockroach zombie (D:2)
  A quokka zombie (D:2)
  4 rats
170 creatures vanquished.

Notes
Turn   | Place    | Note
-------+----------+-------------------------------------------
     0 | D:1      | Ofeo the Demonspawn Shapeshifter began the quest for the
                  | Orb.
     0 | D:1      | Reached XP level 1. HP: 15/15 MP: 1/1
   121 | D:1      | Gained mutation: You are partially covered in sharp spines.
                  | [demonic ancestry]
   121 | D:1      | Reached XP level 2. HP: 10/21 MP: 2/2
   939 | D:1      | Gained mutation: Your touch may inflict minor irresistible
                  | damage on your foes. [demonic ancestry]
   939 | D:1      | Reached XP level 3. HP: 27/27 MP: 3/3
  1055 | D:1      | Found a faded altar of an unknown god.
  1209 | D:2      | Identified the +10 hand axe of the Big Bang {speed, rElec
                  | Stlth+}
  1391 | D:2      | Gained mutation: You are mostly covered in sharp spines.
                  | [demonic ancestry]
  1391 | D:2      | Reached XP level 4. HP: 10/33 MP: 4/4
  1806 | D:2      | Reached XP level 5. HP: 38/38 MP: 5/5
  2151 | D:3      | Noticed Jessica
  2159 | D:3      | Killed Jessica
  2160 | D:3      | Reached skill level 5 in Shapeshifting
  2260 | D:3      | Noticed Robin
  2270 | D:3      | Killed Robin
  2566 | D:3      | Reached XP level 6. HP: 34/44 MP: 6/6
  3411 | D:4      | Found Nyh Byzu's Assorted Antiques.
  3425 | D:4      | Bought a scroll of blinking for 172 gold pieces
  3425 | D:4      | Bought a fizzy coppery potion for 20 gold pieces
  3442 | D:4      | Found a basalt altar of Yredelemnul.
  4036 | D:4      | Reached XP level 7. HP: 20/49 MP: 7/7
  4046 | D:4      | Found a sparkling altar of Nemelex Xobeh.
  4306 | D:4      | Found an ancient bone altar of Kikubaaqudgha.
  4807 | D:5      | Entered Level 5 of the Dungeon
  5082 | D:5      | Reached skill level 2 in Fighting
  5121 | D:5      | Reached skill level 3 in Fighting
  5125 | D:5      | Reached skill level 4 in Fighting
  5137 | D:5      | Reached XP level 8. HP: 33/61 MP: 8/8
  5294 | D:5      | Reached skill level 5 in Fighting
  5738 | D:6      | Noticed Pikel
  5740 | D:6      | Noticed Grinder
  5778 | D:6      | Noticed a boulder beetle
  5778 | D:6      | Found a staircase to the Ecumenical Temple.
  5829 | D:6      | Reached skill level 6 in Fighting
  5935 | D:5      | Reached skill level 7 in Fighting
  6048 | D:6      | Killed Pikel
  6049 | D:6      | Reached skill level 8 in Fighting
  6049 | D:6      | Gained mutation: You are completely covered in sharp
                  | spines. [demonic ancestry]
  6049 | D:6      | Reached XP level 9. HP: 60/75 MP: 9/9
  6102 | D:6      | Slain by a boulder beetle

Illustrated notes

Levels and vault maps discovered:
D:1:      dpeg_arrival_signposts, layout_loops_cross,
          shapermc_ecumenical_altar_mp_vishouse
D:2:      layout_basic, serial_undead, serial_undead_a, serial_undead_a,
          serial_undead_b, serial_undead_e, serial_undead_f, serial_undead_e,
          serial_undead_c, dreamdust_princess_corridor
D:3:      layout_basic, serial_bayou_lagoon_a, corexii_item_surrounded_by_moat,
          uniq_robin, uniq_jessica
D:4:      layout_loops_ring, nicolae_overflow_quartered_altars, serial_shops,
          shop, chequers_big_river, lightli_minifort
D:5:      layout_rooms, minmay_increasing_density
D:6:      layout_rooms, minmay_temple_entry_stoned_glass,
          minmay_misc_feat_enclosed, uniq_grinder, uniq_pikel, uniq_jeremiah,
          uniq_edmund

Skill      XL: |  1  2  3  4  5  6  7  8 |
---------------+-------------------------+-----
Dodging        | 2 |  2.2
Unarmed Combat | 3 |  3.0
Shapeshifting  | 3 4 5 6 7 |  7.0
Fighting       | 4 8 |  8.9

Action                     |  1- 3 |  4- 6 |  7- 9 || total
---------------------------+-------+-------+-------++-------
  Melee: Unarmed           |    64 |       |       ||    64
         Punch             |     1 |       |       ||     1
         Hand axe          |     8 |    84 |    99 ||   191
         Touch             |     7 |     2 |    15 ||    24
    Use: Scroll            |       |     9 |     2 ||    11
 Armour: Animal skin       |    25 |       |       ||    25
         Chain mail        |    15 |    54 |    94 ||   163
  Dodge: Dodged            |    28 |    21 |    44 ||    93

Table legend: (Time is in decaauts)
 A = Elapsed time spent in this place.
 B = Non-inter-level travel time spent in this place.
 C = Inter-level travel time spent in this place.
 D = Time resting spent in this place.
 E = Time spent auto-exploring this place.
 F = Levels seen in this place.
 G = Mean time per level.
                   A        B        C        D        E       F      G
               +--------+--------+--------+--------+--------+-----+--------+
         Total |   6105 |   5713 |    392 |    273 |   4707 |   6 | 1017.5 |
       Dungeon |   6105 |   5713 |    392 |    273 |   4707 |   6 | 1017.5 |
               +--------+--------+--------+--------+--------+-----+--------+

Top non-repeatable levels by time:
     D:3: 1364 daAuts
     D:4: 1258 daAuts
     D:5: 1187 daAuts
     D:1: 1159 daAuts
     D:2: 1036 daAuts
     D:6: 99 daAuts
